 Dungeon Crawl Stone Soup version 0.28-a0-537-g3bccd9ccbf (webtiles) character file.

Game seed: 11995546682797082160

132 olmar the Magician (level 5, -4/36 HPs)
             Began as a Djinni Hedge Wizard on Sept 28, 2021.
             Slain by Grinder (8 damage)
             ... on level 3 of the Dungeon.
             The game lasted 00:06:20 (3399 turns).

olmar the Magician (Djinni Hedge Wizard)            Turns: 3399, Time: 00:06:21

Health: -4/36      AC:  2    Str:  7 (9)  XL:     5   Next: 38%
Gold:   89         EV: 12    Int: 14 (17) God:
                   SH:  0    Dex: 10 (12)

rFire   + + +      SeeInvis .   k - +0 short sword (vamp)
rCold   x . .      Faith    .   (no shield)
rNeg    . . .      Spirit   .   b - +0 robe
rPois   ∞          Reflect  .   c - +0 hat
rElec   .          Harm     .   (no cloak)
rCorr   .          Rampage  .   (no gloves)
Will    .....                   (boots unavailable)
Stlth   ++........              (no amulet)
HPRegen 0.12/turn               h - ring of protection from fire
MPRegen 0.00/turn               (no ring)

@: flying
A: sickness immunity, fire resistance 2, cold vulnerability 1, float, innate
caster, hp casting, extra vitality 1
a: no special abilities


You were on level 3 of the Dungeon.
You visited 1 branch of the dungeon, and saw 3 of its levels.

You collected 89 gold pieces.

Inventory:

Hand Weapons
 a - a +0 dagger
 e - a +0 short sword
 k - a +0 vampiric short sword (weapon)
Armour
 b - a +0 robe (worn)
 c - a +0 hat (worn)
Jewellery
 h - a ring of protection from fire (left hand)
Scrolls
 d - 2 scrolls of teleportation {unknown}
 f - a scroll of holy word {unknown}
 i - a scroll of fear {unknown}
Potions
 n - a potion of invisibility {unknown}
 o - a potion of haste {unknown}


   Skills:
 + Level 0.9 Fighting
 + Level 1.8 Short Blades
 + Level 3.3 Dodging
 - Level 1.5 Stealth
 + Level 0.1 Unarmed Combat
 + Level 3.4 Spellcasting


You couldn't memorise any spells.
You knew the following spells:

 Your Spells              Type           Power      Damage    Failure   Level
a - Magic Dart            Conj           44%        1d5       4%          1
b - Blink                 Tloc           N/A        N/A       8%          2
c - Call Imp              Summ           11%        N/A       8%          2
d - Slow                  Hex            11%        N/A       8%          2
e - Conjure Flame         Conj/Fire      11%        6-21      16%         3
f - Mephitic Cloud        Conj/Pois/Air  11%        N/A       16%         3
g - Pain                  Necr           44%        1d6       4%          1
h - Poisonous Vapours     Pois/Air       22%        N/A       8%          2
Your spell library was empty.

Dungeon Overview and Level Annotations

Branches:
Dungeon (3/15)

Altars:
Nemelex Xobeh

Annotations:
D:2 1 runed translucent door, Crazy Yiuf
D:3 Grinder


Innate Abilities, Weirdness & Mutations

You are immune to sickness and miasma.
You are immune to poison.
Your flesh is very heat resistant. (rF++)
You are vulnerable to cold. (rC-)
You float through the air rather than walking.
You learn spells naturally, not from books.
Your magical power is your life essence.
You have superior vitality. (+4 HP)


Message History

Confirm with . or Enter, or press ? or * to list all spells.
Okay, then.
Grinder gestures at you. Pain shoots through your body!
* * * LOW HITPOINT WARNING * * *
Casting: Magic Dart (safe; 4% risk of failure)
Confirm with . or Enter, or press ? or * to list all spells.
Aiming: Magic Dart (safe; 4% risk of failure)
Press: ? - help, Shift-Dir - straight line, f/p - Grinder
Aim: Grinder (almost dead, ally target, 100% to hit)
The magic dart hits Grinder.
Grinder is almost dead.
* * * LOW HITPOINT WARNING * * *
Your crimson imp blinks!
Unknown command.
Unknown command.
Unknown command.
You feel better. Grinder gestures at you.
You suddenly lose the ability to move!
Grinder hits you.
* * * LOW HITPOINT WARNING * * *
You writhe in agony.
* * * LOW HITPOINT WARNING * * *
Grinder hits you.
* * * LOW HITPOINT WARNING * * *
You writhe in agony.
* * * LOW HITPOINT WARNING * * *
Your crimson imp barely misses Grinder.
Grinder blinks! x2
Your crimson imp hits Grinder but does no damage.
You can move again.
Unknown command.
Unknown command.
Unknown command.
Unknown command.
You closely miss Grinder.
Grinder is almost dead.
Grinder hits you!
You die...

#..####..#'###.)').#.....
##............#######)....
#.........................
#...P.###'#...............
#..##)#..)####..##'#......
#..#).#..)#..#..#..#P.....
#..#..#)..'.(#..#..#......
#..###########..####.)....
#........@.).......†.†#...
#.##.#..5....###.###......
#.......5.#### #..........
######..<.# #..###.....
#....# #.## #..... #....#
#<# #..... #....# ..#
#..... #....# ### .####.
###### . .


You could see Grinder (ally target) and a friendly crimson imp (summoned).

Vanquished Creatures
  Jessica (D:3)
  A hound skeleton (D:3)
  2 adders
  A worm (D:2)
  A dart slug (D:2)
  An orc (D:3)
  4 bats
  2 endoplasms (D:1)
  2 giant cockroaches
  13 goblins
  6 hobgoblins
  2 jackals (D:1)
  3 quokkas
  2 ball pythons
  4 frilled lizards
  5 kobolds
  2 rats
52 creatures vanquished.

Vanquished Creatures (collateral kills)
  An adder (D:2)
  2 hobgoblins (D:3)
3 creatures vanquished.

Vanquished Creatures (others)
  2 plants (D:3)
2 creatures vanquished.

Grand Total: 57 creatures vanquished

Notes
Turn   | Place    | Note
-------+----------+-------------------------------------------
     0 | D:1      | olmar the Djinni Hedge Wizard began the quest for the Orb.
     0 | D:1      | Reached XP level 1. HP: 15/15 MP: 0/0
   196 | D:1      | Reached XP level 2. HP: 10/21 MP: 0/0
  1158 | D:2      | Found a runed translucent door.
  1159 | D:2      | Noticed Crazy Yiuf
  1198 | D:2      | Reached XP level 3. HP: 22/25 MP: 0/0
  1198 | D:2      | Learned a level 1 spell: Pain
  2191 | D:2      | Reached XP level 4. HP: 31/31 MP: 0/0
  3112 | D:3      | Reached skill level 1 in Short Blades
  3208 | D:3      | Found a sparkling altar of Nemelex Xobeh.
  3301 | D:3      | Noticed Grinder
  3311 | D:3      | Noticed Jessica
  3336 | D:3      | Reached XP level 5. HP: 19/36 MP: 0/0
  3336 | D:3      | Learned a level 2 spell: Poisonous Vapours
  3371 | D:3      | Killed Jessica
  3394 | D:3      | Paralysed by Grinder for 5 turns
  3399 | D:3      | Slain by Grinder

Illustrated notes

Levels and vault maps discovered:
D:1:      minmay_arrival_up_and_down, layout_rooms
D:2:      minmay_chambers_of_ones, layout_basic, uniq_crazy_yiuf_cottage
D:3:      corexii_shack_village, layout_rooms,
          nemelex_xobeh_ov_fountains_minmay, lemuel_coloured_pillars_altar,
          uniq_grinder, uniq_jessica, uniq_ijyb

Skill      XL: |  1  2  3  4 |
---------------+-------------+-----
Spellcasting   | 3 |  3.4
Dodging        | 3 |  3.3
Short Blades   | 1 |  1.8
Fighting       | |  0.9
Stealth        | |  1.5
Unarmed Combat | |  0.1

Action                   |  1- 3 |  4- 6 || total
-------------------------+-------+-------++-------
Melee: Dagger            |    65 |     6 ||    71
       Short sword       |       |   115 ||   115
       Unarmed           |       |    10 ||    10
 Cast: Magic Dart        |    38 |     8 ||    46
       Call Imp          |     2 |     4 ||     6
       Slow              |     1 |     1 ||     2
  Use: Potion            |       |     6 ||     6
 Stab: Sleeping          |       |     2 ||     2
       Distracted        |       |     1 ||     1
Armor: Robe              |     8 |    15 ||    23
       Skin              |       |     1 ||     1
Dodge: Dodged            |    41 |    92 ||   133

Table legend: (Time is in decaauts)
 A = Elapsed time spent in this place.
 B = Non-inter-level travel time spent in this place.
 C = Inter-level travel time spent in this place.
 D = Time resting spent in this place.
 E = Time spent auto-exploring this place.
 F = Levels seen in this place.
 G = Mean time per level.
                   A        B        C        D        E       F      G
               +--------+--------+--------+--------+--------+-----+--------+
         Total |   3392 |   3325 |     67 |   1155 |   1710 |   3 | 1130.7 |
       Dungeon |   3392 |   3325 |     67 |   1155 |   1710 |   3 | 1130.7 |
               +--------+--------+--------+--------+--------+-----+--------+

Top non-repeatable levels by time:
     D:2: 1552 daAuts
     D:1: 1069 daAuts
     D:3: 771 daAuts
